 Dungeon Crawl Stone Soup version 0.30-a0-739-gea05faddec (webtiles) character file.

Game seed: 5097746396411998161

4579 tilp the Carver (level 11, -6/94 HPs)
             Began as a Meteoran Fighter on Feb 4, 2023.
             Was an Elder of Okawaru.
             Killed by divine providence
             ... invoked by an orc priest
              (15 damage)
             ... on level 9 of the Dungeon.
             The game lasted 00:17:23 (3802 turns).

tilp the Carver (Meteoran Fighter)                  Turns: 3802, Time: 00:17:23

Health: -6/94      AC: 18    Str: 17    XL:     11   Next: 0%
Magic:  16/17      EV: 17    Int: 12    God:    Okawaru [****..]
Gold:   307        SH:  7    Dex: 17    Spells: 10/10 levels left

rFire   . . .      SeeInvis +    a - +1 long sword
rCold   . . .      Faith    .    c - +0 buckler
rNeg    . . .      Spirit   .    u - +0 chain mail
rPois   .          Reflect  .    m - +0 helmet
rElec   .          Harm     .    i - +0 cloak
rCorr   .          Rampage  .    s - +2 pair of gloves
Will    +....                    B - +0 pair of boots
Stlth   +                        (no amulet)
HPRegen 0.35/turn                x - +5 ring of evasion
MPRegen 0.15/turn                w - ring of see invisible

@: heroic, glowing
A: sense surroundings 2, otherworldly, glowing, explore regen
a: Renounce Religion, Heroism, Finesse


You were on level 9 of the Dungeon.
You worshipped Okawaru.
Okawaru was greatly pleased with you.
You visited 2 branches of the dungeon, and saw 11 of its levels.

You collected 307 gold pieces.

Inventory:

Hand Weapons
 a - a +1 long sword (weapon)
 b - a +3 short sword
 r - a +0 long sword
 y - a +0 vampiric dagger
 D - a +2 antimagic short sword
Missiles
 p - 10 poisoned darts (quivered)
 q - 56 stones
 K - an atropa-tipped dart
Armour
 c - a +0 buckler (worn)
 i - a +0 cloak (worn)
 m - a +0 helmet (worn)
 o - a +0 plate armour
 s - a +2 pair of gloves (worn)
 u - a +0 chain mail (worn)
 B - a +0 pair of boots (worn)
 L - a +3 scale mail
Jewellery
 w - a ring of see invisible (right hand)
 x - a +5 ring of evasion (left hand)
 F - a ring of wizardry
Wands
 n - a wand of flame (40)
 v - a wand of digging (6)
 I - a wand of mindburst (18)
Scrolls
 j - 2 scrolls of fear
 A - a scroll of magic mapping
 E - a scroll of amnesia
 G - 3 scrolls of teleportation
 J - 2 scrolls of blinking
Potions
 d - a potion of might
 e - 2 potions of ambrosia
 f - 5 potions of curing
 g - 2 potions of flight
 h - a potion of mutation {unknown}
 k - a potion of invisibility {unknown}
 l - a potion of attraction {unknown}
 t - 4 potions of lignification
 z - a potion of magic {unknown}
 C - a potion of heal wounds {unknown}
 H - 2 potions of berserk rage {unknown}


   Skills:
 * Level 7.8(12.8) Fighting
 * Level 9.5(14.5) Long Blades
 - Level 4.0(9.0) Throwing
 - Level 4.0(9.0) Armour
 + Level 6.5(11.5) Dodging
 - Level 4.0(9.0) Stealth
 - Level 4.0(9.0) Shields
 * Level 7.8 Invocations
 - Level 4.0 Evocations


You had 10 spell levels left.
You didn't know any spells.
Your spell library contained the following spells:

 Spells                   Type           Power      Damage    Failure   Level
 Lesser Beckoning         Tloc           0%         N/A       99%         2
 Gell's Gravitas          Tloc           0%         N/A       100%        3
 Teleport Other           Tloc           0%         N/A       100%        3


Dungeon Overview and Level Annotations

Branches:
Dungeon (10/15) Zot: 2217  Temple (1/1) D:4 Zot: 496    Lair (0/5) D:8
    Orc: D:9-12

Altars:
Ashenzari
Elyvilon
Hepliaklqana
Nemelex Xobeh
Okawaru
Sif Muna
Trog
Vehumet
Xom
Yredelemnul
Zin


Innate Abilities, Weirdness & Mutations

You passively map the area around you.
You are easily found by Zot.
You glow in the dark.
You regain HP and MP as you explore.


Message History

You slash the orc priest!
You kill the orc priest!
Okawaru accepts your kill.
Base training target 4.0 for Stealth reached!
Your base Stealth skill increases to level 4!
You have reached level 11!
You hit the orc warrior but do no damage.
You slash the orc warrior!
The orc warrior is moderately wounded.
The orc warrior hits you with a +0 long sword.
* * * LOW HITPOINT WARNING * * *
You hit the orc warrior.
The orc warrior is moderately wounded.
The orc warrior closely misses you.
You slash the orc warrior!
The orc warrior is severely wounded.
You block the orc warrior's attack.
The orc priest mumbles some strange prayers to Beogh against you.
Beogh smites you!
* * * LOW HITPOINT WARNING * * *
Unknown command.
You hit the orc warrior but do no damage.
The orc warrior is severely wounded.
You feel better.
The orc warrior hits you with a +0 long sword.
* * * LOW HITPOINT WARNING * * *
Unknown command.
You closely miss the orc warrior.
The orc warrior is severely wounded.
The orc warrior barely misses you.
The orc priest calls down the wrath of Beogh upon you.
Beogh smites you!
* * * LOW HITPOINT WARNING * * *
You barely miss the orc warrior.
The orc warrior is severely wounded.
The orc warrior hits you with a +0 long sword.
* * * LOW HITPOINT WARNING * * *
The orc priest calls down the wrath of Beogh upon you.
Beogh smites you!
You die...

####..# #..#
####..#
......###########
#####...........#
###########.# #.#
#.#### ## #.@oo#
.# #.##o# ## * *
####.# * 8 *#o#
,, * * #o# , ,,


.oY.Yo.o# +, , ,,........# , ,.o...o.## , * , * .o#...#* You could see 2 orc
warriors and an orc priest.

Vanquished Creatures
  A two-headed ogre (D:8)
  A troll (D:9)
  Prince Ribbit (D:9)
  10 yaks (D:9)
  An orc warrior (D:9)
  2 sky beasts
  An ogre (D:6)
  A centaur (D:7)
  A phantom (D:6)
  3 kobold brigands
  A gnoll sergeant (D:9)
  A bullfrog (D:7)
  3 scorpions
  2 necrophages (D:6)
  2 wights (D:8)
  2 howler monkeys (D:9)
  2 vampire bats (D:3)
  A quasit (D:4)
  7 orc priests
  2 hounds
  Ijyb (D:4)
  Natasha (D:4)
  2 orc wizards (D:7)
  7 gnolls
  4 adders
  A shadow imp (D:4)
  6 white imps
  5 ufetubi
  A worm (D:2)
  A dart slug (D:3)
  25 orcs
  4 bats
  2 endoplasms (D:3)
  5 giant cockroaches
  5 goblins
  6 hobgoblins
  4 quokkas
  2 ball pythons (D:1)
  15 kobolds
  5 rats
147 creatures vanquished.

Vanquished Creatures (collateral kills)
  Robin (D:4)
  A shadow imp (D:4)
  5 orcs
  2 goblins (D:4)
  3 hobgoblins (D:4)
12 creatures vanquished.

Vanquished Creatures (others)
  An orc wizard (D:9)
  5 demonic plants (D:4)
  A fungus (D:1)
  13 plants
20 creatures vanquished.

Grand Total: 179 creatures vanquished

Notes
Turn   | Place    | Note
-------+----------+-------------------------------------------
     0 | D:1      | tilp the Meteoran Fighter began the quest for the Orb.
     0 | D:1      | Reached XP level 1. HP: 19/19 MP: 2/2
    90 | D:1      | Reached XP level 2. HP: 25/26 MP: 3/3
   277 | D:1      | Found a faded altar of an unknown god.
   294 | D:1      | Reached skill level 1 in Dodging
   396 | D:1      | Reached XP level 3. HP: 28/31 MP: 4/4
   671 | D:2      | Reached skill level 3 in Long Blades
   794 | D:2      | Reached XP level 4. HP: 38/38 MP: 5/5
   892 | D:3      | Reached skill level 1 in Stealth
   921 | D:3      | Reached XP level 5. HP: 42/45 MP: 6/6
   941 | D:3      | Reached XP level 6. HP: 52/52 MP: 7/7
   993 | D:4      | Reached skill level 4 in Long Blades
   993 | D:4      | Reached skill level 1 in Evocations
  1498 | D:3      | Found a radiant altar of Vehumet.
  1724 | D:4      | Noticed Ijyb
  1730 | D:4      | Noticed Robin
  1746 | D:4      | Killed Robin
  1777 | D:4      | Killed Ijyb
  1778 | D:4      | Reached XP level 7. HP: 51/59 MP: 8/8
  1864 | D:5      | Entered Level 5 of the Dungeon
  1926 | D:4      | Reached skill level 5 in Long Blades
  2061 | D:4      | Found a sparkling altar of Nemelex Xobeh.
  2193 | D:4      | Found a staircase to the Ecumenical Temple.
  2220 | Temple   | Entered the Ecumenical Temple
  2289 | Temple   | Became a worshipper of Warmaster Okawaru
  2342 | D:4      | Noticed Natasha
  2347 | D:4      | Killed Natasha
  2348 | D:4      | Reached skill level 6 in Long Blades
  2348 | D:4      | Reached skill level 1 in Throwing
  2417 | D:5      | Noticed a water moccasin
  2428 | D:6      | Found a shimmering altar of Xom.
  2491 | D:5      | Reached skill level 1 in Invocations
  2491 | D:5      | Reached XP level 8. HP: 51/66 MP: 9/9
  2506 | D:5      | Found a basalt altar of Yredelemnul.
  2585 | D:6      | Reached * piety under Okawaru
  2753 | D:7      | Gained mutation: You passively map the area around you.
                  | [Meteoran growth]
  2753 | D:7      | Reached XP level 9. HP: 41/73 MP: 12/12
  2762 | D:6      | Reached ** piety under Okawaru
  2763 | D:6      | Reached skill level 5 in Fighting
  2866 | D:7      | Reached skill level 7 in Long Blades
  3008 | D:8      | Noticed a two-headed ogre
  3022 | D:8      | Killed a two-headed ogre
  3023 | D:8      | Reached skill level 5 in Dodging
  3023 | D:8      | Reached skill level 5 in Invocations
  3119 | D:9      | Noticed Prince Ribbit
  3136 | D:9      | Killed Prince Ribbit
  3136 | D:9      | Reached *** piety under Okawaru
  3137 | D:9      | Reached skill level 8 in Long Blades
  3137 | D:9      | Reached XP level 10. HP: 59/83 MP: 13/15
  3234 | D:10     | Entered Level 10 of the Dungeon
  3339 | D:9      | Reached **** piety under Okawaru
  3361 | D:9      | Found a bloodstained altar of Trog.
  3374 | D:9      | Found a glowing silver altar of Zin.
  3399 | D:9      | Received a gift from Okawaru
  3400 | D:9      | Reached skill level 9 in Long Blades
  3795 | D:9      | Reached XP level 11. HP: 28/94 MP: 15/17
  3802 | D:9      | Killed from afar by an orc priest

Illustrated notes

Levels and vault maps discovered:
D:1:      dpeg_arrival_chambers_temple_mockup, layout_basic,
          dreamdust_ecumenical_altar_hidden_monk_grotto,
          serial_co_window_serial, co_window_cross_1, co_window_paths_a,
          co_window_corner_a, co_window_corner_a, co_window_of_opportunity_a,
          co_window_corner_a, co_window_unsneaky_path_d, co_window_2corner,
          co_window_broadway_b, co_window_unsneaky_path_b, co_window_corner_b,
          glass_columns_b, glass_columns_a, glass_columns_c,
          dreamdust_mushroom_princess
D:2:      layout_basic, minmay_misc_feat_ornament, hangedman_decor_riveting,
          serial_bayou_lake_a
D:3:      layout_loops_corners, amcnicky_altar_gilded, minivault_5,
          roderic_batcave
D:4:      layout_rooms, mainiacjoe_overflow_cross_hatched,
          minmay_temple_entry_statues, serial_demonic, serial_demonic_a,
          serial_demonic_c, serial_demonic_d, serial_demonic_e,
          serial_demonic_a, serial_demonic_g, serial_demonic_f,
          serial_demonic_g, serial_demonic_g, serial_demonic_e,
          grunt_ministairs_13, nicolae_goblin_pals, uniq_natasha
D:5:      layout_basic, mainiacjoe_overflow_boulevard,
          nicolae_ru_the_path_less_chosen, lemuel_tele_altar,
          kiku_gazebo_garden_becter
D:6:      layout_cave_pools, mainiacjoe_overflow_chevrons,
          fedhas_bush_and_centaur_altar, st_stairs_9, corner_web_ring
D:7:      layout_cave_pools, mainiacjoe_overflow_alcove_4, serial_bayou_pond_c
D:8:      layout_loops_corners, nicolae_tso_besieged_by_evil,
          minmay_lair_entry_grove
D:9:      layout_loops_ring, grunt_temple_overflow_open, david_orc_4,
          gammafunk_ghost_arena, uniq_prince_ribbit1
D:10:     layout_irregular_city, nicolae_gozag_seed_capital, uniq_joseph,
          uniq_maggie
Temple:   grunt_temple_mini_profane

Skill      XL: |  1  2  3  4  5  6  7  8  9 10 |
---------------+-------------------------------+-----
Dodging        | 1 2 3 4 5 6 |  6.5
Long Blades    | 3 4 6 8 9 |  9.5
Armour         | 4 |  4.0
Stealth        | 1 2 3 4 |  4.0
Shields        | 4 |  4.0
Evocations     | 1 2 4 |  4.0
Fighting       | 4 6 7 |  7.8
Throwing       | 2 4 |  4.0
Invocations    | 1 3 5 7 |  7.8

Action                     |  1- 3 |  4- 6 |  7- 9 | 10-12 || total
---------------------------+-------+-------+-------+-------++-------
  Melee: Long sword        |    78 |   164 |   288 |   193 ||   723
  Throw: Stone             |       |       |     3 |       ||     3
         Dart              |       |       |       |     2 ||     2
 Invoke: Heroism           |       |       |     1 |     5 ||     6
  Evoke: Wand              |       |     2 |     4 |       ||     6
    Use: Scroll            |       |     4 |     8 |     1 ||    13
         Potion            |       |       |       |     1 ||     1
   Stab: Distracted        |       |     1 |       |       ||     1
 Armour: Scale mail        |    36 |       |       |       ||    36
         Plate armour      |    26 |   224 |       |       ||   250
         Chain mail        |       |       |   178 |    68 ||   246
  Dodge: Dodged            |    27 |    62 |   170 |   101 ||   360
  Block: Buckler           |    24 |    61 |    58 |    56 ||   199

Table legend: (Time is in decaauts)
 A = Elapsed time spent in this place.
 B = Non-inter-level travel time spent in this place.
 C = Inter-level travel time spent in this place.
 D = Time resting spent in this place.
 E = Time spent auto-exploring this place.
 F = Levels seen in this place.
 G = Mean time per level.
                   A        B        C        D        E       F      G
               +--------+--------+--------+--------+--------+-----+--------+
         Total |   3885 |   3545 |    340 |      5 |      0 |  11 |  353.2 |
       Dungeon |   3782 |   3444 |    338 |      5 |      0 |  10 |  378.2 |
        Temple |    103 |    101 |      2 |      0 |      0 |   1 |  103.0 |
               +--------+--------+--------+--------+--------+-----+--------+

Top non-repeatable levels by time:
     D:3: 807 daAuts
     D:9: 640 daAuts
     D:4: 580 daAuts
     D:2: 468 daAuts
     D:1: 434 daAuts
     D:6: 339 daAuts
     D:5: 168 daAuts
     D:7: 164 daAuts
     D:8: 147 daAuts
  Temple: 103 daAuts
    D:10: 30 daAuts
